 Dungeon Crawl Stone Soup version 0.30.1 (webtiles) character file.

Game seed: 7471827673913745222

45 AIAndy the Sneak (level 3, 0/31 HPs)
             Began as a Gnoll Wanderer on July 6, 2023.
             Killed from afar by Natasha (4 damage)
             ... with a magic dart
             ... on level 2 of the Dungeon.
             The game lasted 00:05:02 (1373 turns).

AIAndy the Sneak (Gnoll Wanderer)                   Turns: 1373, Time: 00:05:04

Health: 0/31       AC:  4    Str:  7 (10) XL:     3   Next: 64%
Magic:  7/7        EV: 11    Int:  9 (10) God:
Gold:   113        SH:  0    Dex: 12 (15) Spells: 7/7 levels left

rFire   . . .        a - +0 dagger
rCold   . . .        (no shield)
rNeg    . . .        f - +0 leather armour
rPois   .            (no helmet)
rElec   .            (no cloak)
rCorr   .            i - +0 pair of gloves
SInv    .            (no boots)
Will    .....        (no amulet)
Stlth   +++          (no ring)
HPRegen 0.25/turn    (no ring)
MPRegen 0.10/turn

%: no passive effects
@: no status effects
A: fangs 1, strong nose, distributed training
a: no special abilities


You were on level 2 of the Dungeon.
You visited 1 branch of the dungeon, and saw 2 of its levels.

You collected 113 gold pieces.

Inventory:

Hand Weapons
 a - a +0 dagger (weapon)
 r - a +0 short sword
Missiles
 b - an atropa-tipped dart
 c - a datura-tipped dart
 m - 4 curare-tipped darts
 q - 5 boomerangs (quivered)
Armour
 f - a +0 leather armour (worn)
 h - a +0 robe
 i - a +0 pair of gloves (worn)
 j - a +0 ring mail
Scrolls
 d - a scroll of fog
 k - a scroll of teleportation {unknown}
 l - a scroll of silence {unknown}
 n - a scroll of amnesia {unknown}
 p - a scroll of enchant armour {unknown}
Potions
 e - a potion of curing
 o - a potion of might {unknown}


   Skills:
 + Level 4.6 Fighting
 + Level 1.0 Short Blades
 + Level 1.0 Long Blades
 + Level 1.0 Axes
 + Level 1.0 Maces & Flails
 + Level 1.0 Polearms
 + Level 1.0 Staves
 + Level 1.0 Ranged Weapons
 + Level 1.0 Throwing
 + Level 1.0 Armour
 + Level 1.0 Dodging
 + Level 7.8 Stealth
 + Level 1.0 Shields
 + Level 1.0 Unarmed Combat
 + Level 2.9 Spellcasting
 + Level 0.7 Conjurations
 + Level 0.7 Hexes
 + Level 0.7 Summonings
 + Level 0.7 Necromancy
 + Level 0.7 Translocations
 + Level 0.7 Transmutations
 + Level 0.7 Fire Magic
 + Level 0.7 Ice Magic
 + Level 2.1 Air Magic
 + Level 0.7 Earth Magic
 + Level 0.7 Poison Magic
 + Level 1.0 Invocations
 + Level 4.6 Evocations


You had 7 spell levels left.
You didn't know any spells.
Your spell library contained the following spells:

 Spells                   Type           Power      Damage    Failure   Level
 Poisonous Vapours        Pois/Air       6%         N/A       36%         2
 Cigotuvi's Dreadful Rot  Necr/Pois/Air  6%         N/A       38%         2
 Blink                    Tloc           4%         N/A       45%         2
 Manifold Assault         Tloc           2%         N/A       97%         4
 Storm Form               Tmut/Air       1%         N/A       100%        7


Dungeon Overview and Level Annotations

Branches:
Dungeon (2/15)

Altars:

Annotations:
D:2 Natasha


Innate Abilities, Weirdness & Mutations

You have very sharp teeth.
Your uncanny sense of smell can sniff out nearby items.
Your experience applies equally to all skills.


Message History

You bite the cerulean imp, but do no damage.
The bat barely misses you. Natasha completely misses you.
You hit the cerulean imp but do no damage.
The bat hits you but does no damage.
The cerulean imp hits you with a +0 spear.
The cerulean imp completely misses you. Natasha closely misses you.
You hit Natasha.
Natasha is lightly wounded.
The bat hits you but does no damage.
The cerulean imp hits you with a +0 spear.
The cerulean imp barely misses you. Natasha barely misses you.
You hit Natasha but do no damage.
Natasha is lightly wounded.
The bat hits you but does no damage. The cerulean imp closely misses you. x2
Natasha misses you.
You barely miss Natasha.
Natasha is lightly wounded.
The cerulean imp barely misses you. The cerulean imp closely misses you.
Natasha closely misses you.
You hit Natasha. You bite Natasha.
Natasha is heavily wounded.
The bat barely misses you.
The cerulean imp hits you with a +0 spear.
The cerulean imp misses you. Natasha claws you.
You barely miss Natasha.
Natasha is heavily wounded.
The cerulean imp hits you from afar with a +1 spear.
The cerulean imp hits you with a +0 spear.
The bat hits you but does no damage. Natasha casts a spell at you.
The magic dart hits you!
* * * LOW HITPOINT WARNING * * *
It was a potion of degeneration.
There was something very wrong with that liquid.
You feel weakened.
You feel dopey.
You feel clumsy. The bat misses you. The cerulean imp barely misses you.
The cerulean imp closely misses you. Natasha casts a spell at you.
The magic dart hits you.
You die...

.######...# ###.#...#.
..........# #.##.<#.
######.#### #.##...§
.....#.# #....§..
.....#'## ####§...
##.....†# ####§...
........###### #######
#.......
##...........###bh...#
#....###
................@....#
#....#
#.......#.......5.5..#
#....#
..#...#..............#
#....#
....#....#...###.#####
#....# ..#...#......#
#.# ######
#.......#.#...##.#
..#.#........##.#
..#...#..##.# ..#....#
..


You could see Natasha, 2 cerulean imps and a bat.

Vanquished Creatures
  2 adders (D:2)
  A worm (D:2)
  3 bats (D:1)
  2 endoplasms
  3 goblins
  4 hobgoblins (D:1)
  2 jackals (D:1)
  2 frilled lizards (D:2)
  4 kobolds
  A rat (D:1)
24 creatures vanquished.

Notes
Turn   | Place    | Note
-------+----------+-------------------------------------------
     0 | D:1      | AIAndy the Gnoll Wanderer began the quest for the Orb.
     0 | D:1      | AIAndy set off with the following items: a +0 dagger, an
                  | atropa-tipped dart, a datura-tipped dart, a scroll of fog,
                  | a potion of curing, a +0 leather armour; and the following
                  | spells available to memorise: Poisonous Vapours, Cigotuvi's
                  | Dreadful Rot.
     0 | D:1      | Reached XP level 1. HP: 20/20 MP: 4/4
   264 | D:1      | Reached XP level 2. HP: 19/26 MP: 5/5
  1123 | D:2      | Reached XP level 3. HP: 31/31 MP: 7/7
  1135 | D:2      | Found a faded altar of an unknown god.
  1197 | D:2      | Reached skill level 1 in Invocations
  1333 | D:2      | Reached skill level 1 in Short Blades
  1333 | D:2      | Reached skill level 1 in Long Blades
  1333 | D:2      | Reached skill level 1 in Axes
  1333 | D:2      | Reached skill level 1 in Maces & Flails
  1333 | D:2      | Reached skill level 1 in Polearms
  1333 | D:2      | Reached skill level 1 in Staves
  1333 | D:2      | Reached skill level 1 in Ranged Weapons
  1333 | D:2      | Reached skill level 1 in Throwing
  1333 | D:2      | Reached skill level 1 in Armour
  1333 | D:2      | Reached skill level 1 in Dodging
  1333 | D:2      | Reached skill level 1 in Shields
  1333 | D:2      | Reached skill level 1 in Unarmed Combat
  1359 | D:2      | Noticed Natasha
  1373 | D:2      | Killed from afar by Natasha

Illustrated notes

Levels and vault maps discovered:
D:1:      minmay_arrival_stair_chambers, layout_loops_corners
D:2:      minmay_wonky_spiral, layout_basic, ebering_ecumenical_altar_mist,
          nicolae_kite_square_tiling_tiny, uniq_crazy_yiuf_cottage,
          uniq_natasha, uniq_terence

Skill      XL: |  1  2  3 |
---------------+----------+-----
Air Magic      | 2 |  2.1
Invocations    | 1 |  1.0
Short Blades   | 1 |  1.0
Long Blades    | 1 |  1.0
Axes           | 1 |  1.0
Maces & Flails | 1 |  1.0
Polearms       | 1 |  1.0
Staves         | 1 |  1.0
Ranged Weapons | 1 |  1.0
Throwing       | 1 |  1.0
Armour         | 1 |  1.0
Dodging        | 1 |  1.0
Shields        | 1 |  1.0
Unarmed Combat | 1 |  1.0
Fighting       | |  4.6
Stealth        | |  7.8
Spellcasting   | |  2.9
Conjurations   | |  0.7
Hexes          | |  0.7
Summonings     | |  0.7
Necromancy     | |  0.7
Translocations | |  0.7
Transmutations | |  0.7
Fire Magic     | |  0.7
Ice Magic      | |  0.7
Earth Magic    | |  0.7
Poison Magic   | |  0.7
Evocations     | |  4.6

Action                     || total
---------------------------++-------
  Melee: Dagger            ||    93
         Bite              ||     8
    Use: Potion            ||     1
   Stab: Sleeping          ||    11
 Armour: Leather armour    ||    34
  Dodge: Dodged            ||    70
